AoeStats
← Mhafiki

Arabia

506566500Analyzed
3v3 RM · 18d ago on Sep 14, 2026· 51m 29s· 6 players
Game mode
Random Map
Map size
Normal (6 player)
Population
200
Speed
Normal
Resources
Standard
Victory
Conquest
Starting age
Dark Age
Ending age
Imperial Age
RankedLock teamsTeams togetherTeam positionsShared explorationLock speedFull tech treeHidden civsTurbo modeCheats
Victory
Defeat
🇺🇸 Romans · United States
1165
+10
🇺🇸 Celts · United States
1038
+16
🇺🇸 Khmer · United States
1025
+16
🇧🇷 Slavs · Brazil
1059
-15
🇩🇴 Huns · Dominican Republic
1025
-14
🇺🇸 Mongols · United States
1011
-13
Gamma Squeezee
7:17 Loom
9:43 Feudal Age
19:23 Castle Age
21:21 Double-Bit Axe
21:28 Gold Mining
36:47 Scale Mail Armor
36:58 Forging
36:26 Man-at-Arms
36:53 Arson
39:53 Imperial Age
37:34 Town Watch
37:56 Long Swordsman
39:05 Chain Mail Armor
41:58 Two-Handed Swordsman
WillY
12:28 Feudal Age
13:03 Loom
13:54 Wheelbarrow
13:31 Horse Collar
21:42 Castle Age
24:10 Fletching
25:00 Hand Cart
24:41 Double-Bit Axe
29:08 Husbandry
29:03 Gold Mining
30:44 Scale Barding Armor
30:50 Forging
31:21 Gold Shaft Mining
36:40 Imperial Age
34:37 Heavy Plow
35:14 Stone Mining
35:49 Bloodlines
36:43 Cavalier
39:07 Chain Barding Armor
39:23 Iron Casting
39:51 Town Watch
39:54 Paladin
41:47 Conscription
44:09 Scale Mail Armor
45:12 Blast Furnace
vilager
6:39 Loom
10:38 Feudal Age
11:34 Double-Bit Axe
13:26 Horse Collar
18:49 Castle Age
17:01 Forging
18:41 Fletching
19:13 Padded Archer Armor
28:00 Wheelbarrow
28:00 Bloodlines
27:50 Husbandry
27:57 Heavy Plow
29:28 Bodkin Arrow
30:17 Town Watch
31:07 Bow Saw
36:37 Ballistics
37:18 Forging
37:15 Scale Barding Armor
37:27 Leather Archer Armor
42:45 Imperial Age
41:55 Hand Cart
42:08 Chain Barding Armor
42:24 Iron Casting
44:07 Conscription
43:37 Cavalier
46:03 Heavy Cavalry Archer
48:08 Chemistry
49:09 Detinets
48:33 Elite Boyar
50:17 Crop Rotation
49:22 Light Cavalry
51:21 Two-Man Saw
Triqem
5:23 Loom
11:23 Feudal Age
16:56 Castle Age
19:43 Wheelbarrow
19:02 Double-Bit Axe
24:01 Horse Collar
25:22 Light Cavalry
29:27 Bow Saw
29:54 Scale Barding Armor
35:50 Imperial Age
34:07 Bloodlines
34:28 Stone Mining
34:33 Gold Mining
35:10 Husbandry
36:31 Double Crossbow
36:43 Heavy Scorpion
38:53 Hand Cart
38:07 Hussar
40:39 Chemistry
41:28 Conscription
41:50 Siege Engineers
42:16 Ballistics
45:15 Town Watch
46:00 Chain Barding Armor
45:50 Forging
46:34 Heavy Plow
47:16 Stone Shaft Mining
47:17 Gold Shaft Mining
47:49 Masonry
47:42 Town Patrol
50:22 Plate Barding Armor
50:22 Iron Casting
49:28 Elite Ballista Elephant
Mhafiki
11:47 Feudal Age
10:05 Loom
14:22 Double-Bit Axe
18:57 Castle Age
17:31 Double-Bit Axe
17:41 Horse Collar
19:11 Gold Mining
19:53 Bow Saw
20:29 Gold Shaft Mining
21:54 Pikeman
22:57 Forging
27:04 Squires
27:07 Scale Mail Armor
27:42 Iron Casting
30:02 Ballistics
31:12 Chain Mail Armor
38:37 Imperial Age
39:14 Halberdier
40:35 Redemption
49:04 Wheelbarrow
DVaso
10:35 Feudal Age
10:00 Loom
11:47 Double-Bit Axe
11:43 Horse Collar
17:51 Castle Age
16:22 Gold Mining
18:00 Pikeman
19:04 Scale Mail Armor
20:42 Forging
30:24 Wheelbarrow
29:38 Town Watch
29:53 Arson
36:54 Imperial Age
35:23 Chain Mail Armor
36:38 Iron Casting
36:17 Fletching
39:08 Heavy Scorpion
40:18 Bodkin Arrow
41:21 Siege Engineers
42:29 Masonry
41:46 Halberdier
44:08 Conscription
43:18 Sappers
46:15 Plate Mail Armor
46:14 Ballistics
46:00 Stronghold
46:34 Bow Saw
46:25 Heavy Plow
47:31 Town Patrol
49:02 Blast Furnace
49:05 Chemistry
48:01 Murder Holes
49:42 Elite Woad Raider
50:58 Hoardings
50:37 Furor Celtica
Connection lost

Rejoining the realm…

Still unreachable

The connection could not be restored.

Session expired

The server has moved on; the page needs a fresh start.